 Dungeon Crawl Stone Soup version 0.25.1-2-g60ff931df9 (webtiles) character file.

Game seed: 8361712144434964745

681 DildoBatman the Conjurer (level 7, -5/46 HPs)
             Began as a Formicid Wizard on Nov 5, 2020.
             Hit by a stone thrown by a gnoll (7 damage)
             ... on level 5 of the Dungeon.
             The game lasted 00:09:52 (3771 turns).

DildoBatman the Conjurer (Formicid Wizard)          Turns: 3771, Time: 00:09:53

Health: -5/46      AC:  2    Str:  8 (11) XL:     7   Next: 92%
Magic:  1/11       EV: 12    Int: 17 (20) God:
Gold:   249        SH:  0    Dex:  8 (9)  Spells: 5/12 levels left

rFire    + . .     SeeInvis +   a - +6 dagger of Lewuave {vorpal, rN+}
rCold    + . .     Gourm    .   (no shield)
rNeg     + . .     Faith    .   e - +0 robe
rPois    +         Spirit   .   (helmet unavailable)
rElec    +         Reflect  .   (no cloak)
rCorr    +         Harm     .   (no gloves)
MR       .....                  (no boots)
Stlth    ++........             (no amulet)
HPRegen  0.15/turn              (no ring)
MPRegen  0.12/turn              (no ring)

@: brilliant, lethally poisoned (-5 -> -6), resistant, stab
A: permanent stasis, dig shafts and tunnels, four strong arms, antennae 3
a: Dig, Shaft Self


You were on level 5 of the Dungeon.
You were very hungry.

You visited 1 branch of the dungeon, and saw 5 of its levels.

You collected 249 gold pieces.

Inventory:

Hand Weapons
 a - the +6 dagger of Lewuave (weapon) {vorpal, rN+}
   (You found it on level 5 of the Dungeon)

   It inflicts extra damage upon your enemies.
   It protects you from negative energy.
 b - a +0 hunting sling
 o - a cursed +0 hunting sling
Missiles
 d - 46 arrows
 f - 29 sling bullets
 g - 13 bolts
 j - 4 boomerangs
 q - 187 stones
 x - 28 poisoned darts (quivered)
Armour
 e - a +0 robe (worn)
Wands
 y - a wand of acid (7)
Scrolls
 h - a scroll of enchant weapon {unknown}
 k - a scroll of noise {unknown}
 l - a scroll of enchant armour {unknown}
 m - 5 scrolls of remove curse
 s - a scroll of amnesia {unknown}
 t - 2 scrolls of fog
 u - a scroll of fear {unknown}
 z - 2 scrolls of identify
 B - a scroll of blinking {unknown}
Comestibles
 v - 5 rations
 A - 2 chunks of flesh


   Skills:
 - Level 1.7 Dodging
 - Level 2.4 Stealth
 - Level 3.2 Spellcasting
 * Level 5.4 Conjurations
   Level 1.0 Summonings
   Level 0.8 Translocations
 * Level 2.8 Fire Magic
 * Level 2.2 Air Magic
 * Level 3.8 Poison Magic


You had 5 spell levels left.
You knew the following spells:

 Your Spells              Type           Power        Failure   Level  Hunger
a - Conjure Flame         Conj/Fire      ####....     10%         3    None
c - Magic Dart            Conj           ####         1%          1    None
e - Mephitic Cloud        Conj/Pois/Air  ###.....     11%         3    None

Your spell library contained the following spells:

 Spells                   Type           Power        Failure   Level  Hunger
 Call Imp                 Summ           #.......     17%         2    None
 Slow                     Hex            #.......     26%         2    None
 Blink                    Tloc           Unusable     N/A         2    N/A

Dungeon Overview and Level Annotations

Branches:
Dungeon (5/15)
 Temple: D:4-7

Altars:
Ashenzari
Hepliaklqana

Annotations:
D:2 Terence
D:3 2 transporters, exclusion: crimson imp, Sigmund; lllmatko's ghost, amateur MiBe
D:4 1 exclusion
D:5 exclusions: killer bee, worker ant and 1 more exclusion


Innate Abilities, Weirdness & Mutations

You cannot be hasted, slowed, berserked, paralysed or teleported.
You can dig through walls and to a lower floor.
Your four strong arms can wield two-handed weapons with a shield.
You have a pair of large antennae on your head. (SInv)


Message History

Your stasis prevents you from being hasted.
The killer bee is engulfed in noxious fumes.
The killer bee appears confused.
The killer bee is engulfed in noxious fumes.
The killer bee appears confused.
You're too confused to move!
You feel sick.
The killer bee barely misses the gnoll.
The killer bee barely misses you.
You retract your mandibles.
You bump into the rock wall.
You feel less confused. The killer bee closely misses you.
The gnoll throws a stone.
The stone hits you but does no damage.
You feel sick.
The killer bee buzzes around in tight circles.
The gnoll throws a stone.
The stone hits you!
You die...

.......#.#.# ##.####......[.....
.......#.#.####.###รท....>........
.......#.#...###....###..........
.........##..###.#### ##......#..
........#.........# ##(###.#..
.......##.........# ##.#)##.#..
##.....##.........# ##g###.#.#..
##.###............# ##g## ##{{#.{
#..# ###........@.###{## #..(#..
#.## ###...##...##{## ##{##..# #.#
#..#.......g#####........ #.#
##.######...y............. ..#
##..######..........######.
.######..###............<....# .
.#......##...####........#....{ .
...##).....######.....?....... .
#####.....####............#...


You could see a killer bee (confused) and a gnoll.

Vanquished Creatures
  2 ogres
  A centaur (D:5)
  3 killer bees (D:5)
  A howler monkey (D:5)
  A hound (D:4)
  An iguana (D:5)
  2 worker ants (D:5)
  A hound zombie (D:2)
  A howler monkey skeleton (D:4)
  4 adders
  3 oozes
  An adder skeleton (D:5)
  A worm (D:2)
  A dart slug (D:1)
  4 leopard geckos
  7 orcs
  A ball python (D:1)
  6 giant cockroaches
  7 goblins
  10 hobgoblins
  7 jackals
  10 kobolds
  3 quokkas
  2 bats (D:1)
  4 frilled lizards
  5 rats
89 creatures vanquished.

Vanquished Creatures (others)
  A killer bee (D:5)
1 creature vanquished.

Grand Total: 90 creatures vanquished

Notes
Turn   | Place    | Note
-------+----------+-------------------------------------------
     0 | D:1      | DildoBatman the Formicid Wizard began the quest for the
                  | Orb.
     0 | D:1      | Reached XP level 1. HP: 13/13 MP: 4/4
    20 | D:1      | Reached skill level 1 in Conjurations
   228 | D:1      | Reached XP level 2. HP: 17/19 MP: 0/6
   312 | D:1      | Reached skill level 2 in Conjurations
   524 | D:1      | Reached XP level 3. HP: 24/24 MP: 7/7
   841 | D:2      | Reached skill level 3 in Conjurations
   881 | D:2      | Found a faded altar of an unknown god.
   919 | D:2      | Reached XP level 4. HP: 25/30 MP: 2/8
   970 | D:2      | Learned a level 3 spell: Conjure Flame
   974 | D:2      | Learned a level 3 spell: Mephitic Cloud
  1705 | D:3      | Reached skill level 4 in Conjurations
  1705 | D:3      | Reached XP level 5. HP: 28/35 MP: 9/9
  1894 | D:3      | Noticed Sigmund
  1974 | D:3      | Noticed lllmatko's ghost (amateur MiBe)
  1975 | D:3      | Found a transporter.
  2005 | D:3      | Noticed Terence
  2187 | D:3      | Found a shattered altar of Ashenzari.
  2205 | D:3      | Found a transporter.
  2453 | D:4      | Noticed an ogre
  2649 | D:4      | Found a hazy altar of Hepliaklqana.
  2772 | D:4      | Killed an ogre
  2772 | D:4      | Reached skill level 1 in Fire Magic
  2772 | D:4      | Reached skill level 1 in Air Magic
  2772 | D:4      | Reached skill level 1 in Poison Magic
  2772 | D:4      | Reached XP level 6. HP: 41/41 MP: 3/10
  3211 | D:5      | Entered Level 5 of the Dungeon
  3397 | D:5      | Reached skill level 5 in Conjurations
  3397 | D:5      | Reached XP level 7. HP: 26/46 MP: 2/11
  3553 | D:5      | Got a crystal dagger
  3554 | D:5      | Identified the +6 dagger of Lewuave {vorpal, rN+} (You
                  | found it on level 5 of the Dungeon)
  3770 | D:5      | HP: 2/46 [poisoned by a killer bee]
  3771 | D:5      | Hit by a stone thrown by a gnoll

Illustrated notes

Levels and vault maps discovered:
D:1:      dpeg_arrival_short_road, layout_basic
D:2:      layout_loops_ring, first_ration, chequers_ecumenical_altar_island
D:3:      layout_loops_corners, ashenzari_conservatory_becter,
          gammafunk_ghost_arena, uniq_terence, uniq_sigmund
D:4:      layout_gridville, lemuel_doored_altar
D:5:      layout_rooms, okawaru_altar_gauntlet_db, uniq_edmund

Skill      XL: |  1  2  3  4  5  6  7 |
---------------+----------------------+-----
Conjurations   | 1 2 3 4 5 |  5.4
Fire Magic     | 1 2 |  2.8
Air Magic      | 1 2 |  2.2
Poison Magic   | 1 2 3 |  3.8
Dodging        | |  1.7
Stealth        | |  2.4
Spellcasting   | |  3.2
Summonings     | |  1.0
Translocations | |  0.8

Action                   |  1- 3 |  4- 6 |  7- 9 || total
-------------------------+-------+-------+-------++-------
Melee: Unarmed           |     1 |       |       ||     1
       Whip              |    17 |    95 |    16 ||   128
       Dagger            |       |       |    11 ||    11
 Fire: Hunting sling     |       |     6 |       ||     6
Throw: Dart              |       |     3 |       ||     3
 Cast: Magic Dart        |    43 |    56 |     4 ||   103
       Conjure Flame     |       |     3 |     4 ||     7
       Mephitic Cloud    |       |     6 |     5 ||    11
 Abil: Dig               |       |     3 |     6 ||     9
  Use: Scroll            |       |     3 |       ||     3
       Potion            |       |       |     6 ||     6
 Stab: Sleeping          |     4 |     1 |       ||     5
       Confused          |       |     1 |     1 ||     2
  Eat: Chunk             |       |     9 |     1 ||    10
Armor: Robe              |     4 |    13 |     5 ||    22
Dodge: Dodged            |    16 |    67 |    35 ||   118
